 Dungeon Crawl Stone Soup version 0.31-a0-654-gbe3e110b4e (webtiles) character file.

Game seed: 2200692801273876876

82 Ekaitz the Firebug (level 4, -5/24 HPs)
             Began as a Deep Elf Fire Elementalist on Aug 29, 2023.
             Slain by Terence
             ... wielding a +0 flail
              (8 damage)
             ... on level 2 of the Dungeon.
             The game lasted 00:03:10 (1351 turns).

Ekaitz the Firebug (Deep Elf Fire Elementalist)     Turns: 1351, Time: 00:03:10

Health: -5/24      AC:  2    Str:  5    XL:     4   Next: 21%
Magic:  1/11       EV: 13    Int: 20    God:
Gold:   102        SH:  0    Dex: 17    Spells: 1/10 levels left

rFire   + . .        c - +0 dagger
rCold   + . .        (no shield)
rNeg    . . .        a - +0 robe
rPois   .            (no helmet)
rElec   .            k - scarf {rC+ rF+}
rCorr   .            (no gloves)
SInv    .            (no boots)
Will    .....        (no amulet)
Stlth   ++           (no ring)
HPRegen 0.24/turn    (no ring)
MPRegen 0.12/turn

%: no passive effects
@: no status effects
A: no striking features
a: no special abilities


You were on level 2 of the Dungeon.
You visited 1 branch of the dungeon, and saw 2 of its levels.

You collected 102 gold pieces.

Inventory:

Hand Weapons
 c - a +0 dagger (weapon)
Armour
 a - a +0 robe (worn)
 k - a scarf of resistance (worn)
Scrolls
 e - 5 scrolls of identify {unknown}
 f - a scroll of fog {unknown}
 g - 2 scrolls of teleportation {unknown}
 i - a scroll of acquirement {unknown}
Potions
 b - a potion of magic
 d - a potion of haste {unknown}
 h - a potion of lignification {unknown}
 j - 2 potions of heal wounds {unknown}


   Skills:
 * Level 0.4 Fighting
 * Level 2.9 Dodging
 + Level 2.7 Stealth
 + Level 3.5 Spellcasting
 * Level 1.7 Conjurations
 * Level 1.0 Hexes
 * Level 4.5 Fire Magic


You had one spell level left.
You knew the following spells:

 Your Spells              Type           Power      Damage    Failure   Level
a - Foxfire               Conj/Fire      64%        2x1d7     3%          1
b - Scorch                Fire           42%        2d6       3%          2
c - Volatile Blastmotes   Fire/Tloc      24%        2d12      16%         3
i - Inner Flame           Hex/Fire       14%        N/A       13%         3

Your spell library contained the following spells:

 Spells                   Type           Power      Damage    Failure   Level
 Portal Projectile        Hex/Tloc       10%        N/A       32%         3
 Flame Wave               Conj/Fire      16%        2d7       36%         4
 Call Canine Familiar     Summ           3%         N/A       38%         3
 Leda's Liquefaction      Hex/Erth       2%         N/A       71%         4


Dungeon Overview and Level Annotations

Branches:
Dungeon (2/15)

Altars:

Annotations:
D:2 Robin, Terence


Message History

You conjure some foxfire!
Terence hits you with a +0 flail!
You hit Terence but do no damage.
Terence is moderately wounded.
Terence is no longer more vulnerable to fire.
The foxfire hits Terence but does no damage.
Terence is moderately wounded.
The foxfire hits Terence.
Terence is heavily wounded.
Terence hits you with a +0 flail.
Casting: Foxfire (safe; 3% risk of failure)
Confirm with . or Enter, or press ? or * to list all spells.
Okay, then.
You hit Terence.
Terence is heavily wounded.
Terence hits you but does no damage.
You hit Terence.
Terence is heavily wounded.
Terence barely misses you.
You hit Terence but do no damage.
Terence is heavily wounded.
Terence hits you with a +0 flail!
* * * LOW HITPOINT WARNING * * *
Casting: Foxfire (safe; 3% risk of failure)
Confirm with . or Enter, or press ? or * to list all spells.
You conjure some foxfire!
Terence closely misses you.
Casting: Foxfire (safe; 3% risk of failure)
Confirm with . or Enter, or press ? or * to list all spells.
Okay, then.
You hit Terence but do no damage.
Terence is heavily wounded.
The foxfire hits Terence.
Terence is severely wounded.
The foxfire hits Terence but does no damage.
Terence is severely wounded.
Terence hits you with a +0 flail.
* * * LOW HITPOINT WARNING * * *
Casting: Foxfire (safe; 3% risk of failure)
Confirm with . or Enter, or press ? or * to list all spells.
You conjure some foxfire!
Terence hits you with a +0 flail!
You die...

#.#.#.# #.#...
#...# #... #..
#.# .#######v#
..(....@@# #
#..######v# ##
#..# #.# .#
#..# #.# .#
#..# ###.# .#
#..####...# .#
#..#....### .#
#..#'####
.#######......#


You could see Terence (ally target).

Vanquished Creatures
  Jessica (D:2)
  An adder (D:2)
  A dart slug (D:2)
  2 endoplasms (D:1)
  4 giant cockroaches
  6 goblins
  9 hobgoblins
  3 jackals (D:1)
  2 kobolds (D:1)
  3 ball pythons
  3 bats (D:1)
  3 frilled lizards
  2 rats
40 creatures vanquished.

Vanquished Creatures (others)
  115 foxfires
115 creatures vanquished.

Grand Total: 155 creatures vanquished

Notes
Turn   | Place    | Note
-------+----------+-------------------------------------------
     0 | D:1      | Ekaitz the Deep Elf Fire Elementalist began the quest for
                  | the Orb.
     0 | D:1      | Reached XP level 1. HP: 10/10 MP: 6/6
    90 | D:1      | Reached XP level 2. HP: 15/15 MP: 0/8
    93 | D:1      | Learned a level 2 spell: Scorch
   365 | D:1      | Reached skill level 4 in Fire Magic
   815 | D:2      | Noticed Jessica
   823 | D:2      | Killed Jessica
   824 | D:2      | Reached XP level 3. HP: 19/19 MP: 5/9
   998 | D:2      | Noticed Robin
  1028 | D:2      | Reached XP level 4. HP: 16/24 MP: 1/11
  1049 | D:1      | Learned a level 3 spell: Volatile Blastmotes
  1053 | D:1      | Learned a level 3 spell: Inner Flame
  1138 | D:2      | Reached skill level 1 in Hexes
  1334 | D:2      | Noticed Terence
  1351 | D:2      | Slain by Terence

Illustrated notes

Levels and vault maps discovered:
D:1:      amcnicky_arrival_feature_with_door, layout_rooms
D:2:      layout_basic, serial_glass, glass_columns_a, glass_columns_b,
          minmay_unequal, uniq_terence, uniq_robin, uniq_jessica

Skill      XL: |  1  2  3  4 |
---------------+-------------+-----
Fire Magic     | 4 |  4.5
Hexes          | 1 |  1.0
Fighting       | |  0.4
Dodging        | |  2.9
Stealth        | |  2.7
Spellcasting   | |  3.5
Conjurations   | |  1.7

Action                     |  1- 3 |  4- 6 || total
---------------------------+-------+-------++-------
  Melee: Dagger            |     8 |    25 ||    33
   Cast: Foxfire           |    52 |    14 ||    66
         Scorch            |     2 |     3 ||     5
   Stab: Sleeping          |     2 |       ||     2
 Armour: Robe              |     4 |     1 ||     5
  Dodge: Dodged            |    15 |    20 ||    35

Table legend: (Time is in decaauts)
 A = Elapsed time spent in this place.
 B = Non-inter-level travel time spent in this place.
 C = Inter-level travel time spent in this place.
 D = Time resting spent in this place.
 E = Time spent auto-exploring this place.
 F = Levels seen in this place.
 G = Mean time per level.
                   A        B        C        D        E       F      G
               +--------+--------+--------+--------+--------+-----+--------+
         Total |   1355 |   1353 |      2 |     30 |   1031 |   2 |  677.5 |
       Dungeon |   1355 |   1353 |      2 |     30 |   1031 |   2 |  677.5 |
               +--------+--------+--------+--------+--------+-----+--------+

Top non-repeatable levels by time:
     D:1: 837 daAuts
     D:2: 518 daAuts
